 Dungeon Crawl Stone Soup version 0.24-a0-520-g8fd06ad0bc (webtiles) character file.

Game seed: 47323071025405326

3075 TribbleFun the Slinger (level 10, -5/69 HPs)
             Began as a Halfling Hunter on July 24, 2019.
             Was an Elder of Okawaru.
             Slain by a killer bee (7 damage)
             ... on level 8 of the Dungeon.
             The game lasted 01:46:29 (10312 turns).

TribbleFun the Slinger (Halfling Hunter)           Turns: 10312, Time: 01:46:30

Health: -5/69      AC: 11    Str: 14    XL:     10   Next: 12%
Magic:  0/10       EV: 15    Int:  7    God:    Okawaru [****..]
Gold:   488        SH:  0    Dex: 22    Spells: 9/9 levels left

rFire    . . .     SeeInvis .   o - +10 dagger "Emutzoa" {pierce, rN++ Int-3 Dex+5}
rCold    . . .     Gourm    .   (shield restricted)
rNeg     + + .     Faith    .   C - +1 scale mail
rPois    +         Spirit   +   c - +0 helmet
rElec    .         Reflect  .   D - scarf {Spirit}
rCorr    .         Harm     .   r - +0 pair of gloves
MR       +....                  (no boots)
Stlth    +.........             (no amulet)
HPRegen  0.21/turn              j - ring of protection from magic
MPRegen  0.12/turn              Z - ring of poison resistance

@: lethally poisoned (-5 -> -21), studying Long Blades
A: small, mutation resistance 1
a: Heroism, Renounce Religion


You were on level 8 of the Dungeon.
You worshipped Okawaru.
Okawaru was greatly pleased with you.
You were hungry.

You visited 2 branches of the dungeon, and saw 9 of its levels.

You collected 488 gold pieces.

Inventory:

Hand Weapons
 d - a +4 battleaxe
 f - a +2 hunting sling of flaming
 g - a +0 spear
 h - a +0 shortbow
 l - a +2 dire flail of venom
 m - a +0 short sword of freezing
 n - a +5 long sword of freezing
 o - the +10 dagger "Emutzoa" (weapon) {pierce, rN++ Int-3 Dex+5}
   (You took it off an orc on level 6 of the Dungeon)

   It inflicts extra damage upon your enemies.
   It affects your intelligence (-3).
   It affects your dexterity (+5).
   It greatly protects you from negative energy.
 s - a +2 dagger of holy wrath
 t - a +3 mace
 v - a +0 shortbow
 x - a +2 mace of freezing
 y - a +3 long sword
 E - a +0 mace of protection
 J - a +0 hunting sling
 T - a +0 falchion
 Y - a +0 war axe
Missiles
 e - 387 stones (quivered)
 z - 34 sling bullets
 A - 15 poisoned darts
 I - 122 arrows
 Q - 24 bolts
 U - 12 boomerangs
Armour
 c - a +0 helmet (worn)
 r - a +0 pair of gloves (worn)
 u - a +0 robe
 C - a +1 scale mail (worn)
 D - a scarf of spirit shield (worn)
 F - a +0 chain mail
 G - a +0 robe
 H - a +0 ring mail
 P - a +0 robe
 V - a +0 ring mail
Jewellery
 j - a ring of protection from magic (left hand)
 w - an uncursed ring of ice
 Z - a ring of poison resistance (right hand)
Wands
 b - a wand of flame (18)
 p - a wand of enslavement (16)
 X - a wand of acid (9)
Scrolls
 K - a scroll of acquirement
 L - 4 scrolls of blinking
 N - 6 scrolls of remove curse
 R - 4 scrolls of teleportation
 S - 2 scrolls of identify
Potions
 a - a potion of lignification
 k - a potion of ambrosia
 B - 2 potions of mutation {unknown}
 M - a potion of heal wounds
 O - 2 potions of might
 W - a potion of invisibility
Books
 i - a manual of Long Blades
Comestibles
 q - 9 rations


   Skills:
 + Level 6.5 Fighting
 + Level 1.5 Short Blades
 + Level 0.1 Polearms
 + Level 13.4(13.5) Slings
 + Level 1.9(6.5) Throwing
 + Level 5.9 Armour
 + Level 4.3 Dodging
 + Level 2.1 Stealth


You had 9 spell levels left.
You didn't know any spells.
Your spell library contained the following spells:

 Spells                   Type           Power        Failure   Level  Hunger
 Animate Skeleton         Necr           N/A          86%         1    ##.....
 Pain                     Necr           #...         86%         1    ##.....
 Regeneration             Chrm/Necr      #.........   99%         3    ####...
 Vampiric Draining        Necr           #.........   99%         3    ####...
 Animate Dead             Necr           N/A          100%        4    #####..


Dungeon Overview and Level Annotations

Branches:
Dungeon (8/15)             Temple (1/1) D:5
   Lair: D:8-11

Altars:
Ashenzari
Cheibriados
Dithmenos
Elyvilon
Fedhas
Gozag
Hepliaklqana
Kikubaaqudgha
Makhleb
Nemelex Xobeh
Okawaru
Qazlal
Ru
Sif Muna
Trog
Uskayaw
Vehumet
Wu Jian
Xom
Yredelemnul
Zin
The Shining One

Annotations:
D:8 Prince Ribbit


Innate Abilities, Weirdness & Mutations

You are small and have problems with some larger weapons.
You are somewhat resistant to further mutation.


Message History

The killer bee closely misses you. x2
You puncture the killer bee!
You kill the killer bee!
Okawaru accepts your kill.
* * * LOW HITPOINT WARNING * * *
You feel sick.
The killer bee stings you but does no damage.
The killer bee closely misses you. The killer bee misses you.
The killer bee closely misses you. x2
* * * LOW HITPOINT WARNING * * *
You feel sick. The killer bee closely misses you. x2
The killer bee stings you.
* * * LOW HITPOINT WARNING * * *
The killer bee misses you. The killer bee closely misses you.
* * * LOW HITPOINT WARNING * * *
You feel sick. The killer bee closely misses you.
The killer bee barely misses you.
* * * LOW HITPOINT WARNING * * *
You feel sick. The killer bee stings you!
You die...

.?......## ........#
?........ #(.......
##(...# #.†..#
##yy..# ####..y)##
###....@..#
##.........#
#).........#
#..........#
#..........##
#...........#
#...........#
#.........<.##
#...[........########


You could see 3 killer bees.

Vanquished Creatures
  3 yaks (D:7)
  Menkaure (D:6)
  3 sky beasts (D:7)
  3 ice beasts
  2 ogres (D:7)
  2 centaurs (D:6)
  Blork the orc (D:6)
  2 big kobolds
  2 bullfrogs
  2 scorpions
  3 killer bees (D:8)
  10 wights
  A centaur zombie (D:7)
  A hound (D:4)
  3 orc priests
  4 orc wizards
  A centaur skeleton (D:4)
  A jelly (D:8)
  3 worker ants
  2 hound zombies (D:7)
  2 hound skeletons (D:4)
  3 gnolls (D:4)
  7 adders
  A shadow imp (D:6)
  An adder zombie (D:5)
  2 adder skeletons (D:7)
  2 worms
  3 dart slugs (D:1)
  5 leopard geckos
  22 orcs
  3 giant cockroaches
  13 goblins
  11 hobgoblins
  6 jackals
  2 quokkas
  A ball python (D:1)
  9 bats
  4 frilled lizards (D:3)
  17 kobolds
  A leopard gecko zombie (D:4)
  7 rats
172 creatures vanquished.

Notes
Turn   | Place    | Note
-------+----------+-------------------------------------------
     0 | D:1      | TribbleFun the Halfling Hunter began the quest for the Orb.
     0 | D:1      | Reached XP level 1. HP: 14/14 MP: 1/1
    94 | D:1      | Reached skill level 6 in Slings
   130 | D:1      | Reached XP level 2. HP: 8/19 MP: 2/2
   457 | D:1      | Reached XP level 3. HP: 24/24 MP: 3/3
   512 | D:1      | Reached skill level 7 in Slings
  1589 | D:2      | Reached XP level 4. HP: 12/29 MP: 4/4
  1821 | D:2      | Found an iron altar of Okawaru.
  1838 | D:2      | Became a worshipper of Warmaster Okawaru
  2477 | D:3      | Reached skill level 1 in Armour
  2975 | D:3      | Reached XP level 5. HP: 34/34 MP: 5/5
  3056 | D:3      | Reached skill level 8 in Slings
  3829 | D:4      | Reached XP level 6. HP: 33/39 MP: 6/6
  3886 | D:4      | Reached skill level 9 in Slings
  4393 | D:4      | You fall into a shaft and drop 1 floor!
  4393 | D:5      | Entered Level 5 of the Dungeon
  4606 | D:5      | Found a staircase to the Ecumenical Temple.
  4638 | Temple   | Entered the Ecumenical Temple
  5070 | D:5      | Reached XP level 7. HP: 40/46 MP: 5/7
  5671 | D:5      | Reached * piety under Okawaru
  5671 | D:5      | Reached skill level 10 in Slings
  6876 | D:2      | You fall into a shaft and drop 2 floors!
  6980 | D:6      | Reached XP level 8. HP: 33/54 MP: 4/8
  7017 | D:6      | Noticed Blork the orc
  7031 | D:6      | Killed Blork the orc
  7061 | D:6      | Reached skill level 11 in Slings
  7226 | D:6      | Noticed Menkaure
  7251 | D:6      | Killed Menkaure
  7251 | D:6      | Reached ** piety under Okawaru
  7261 | D:6      | Identified the +10 dagger "Emutzoa" {pierce, rN++ Int-3
                  | Dex+5}
  8596 | D:7      | Reached skill level 5 in Fighting
  8596 | D:7      | Reached skill level 12 in Slings
  8596 | D:7      | Reached XP level 9. HP: 61/61 MP: 9/9
  8626 | D:7      | Identified a scroll of acquirement
  8643 | D:7      | Noticed a +0 dagger
  8643 | D:7      | Noticed a +0 dagger
  8648 | D:7      | Reached *** piety under Okawaru
  8653 | D:7      | Found a hide-covered altar of Uskayaw.
  8924 | D:7      | Reached skill level 5 in Armour
  9011 | D:7      | Received a gift from Okawaru
  9222 | D:7      | Reached skill level 13 in Slings
  9308 | D:7      | Reached **** piety under Okawaru
  9741 | D:7      | Reached skill level 1 in Throwing
  9741 | D:7      | Reached XP level 10. HP: 62/69 MP: 8/10
  9974 | D:8      | Noticed Prince Ribbit
  9977 | D:8      | Reached skill level 1 in Short Blades
 10311 | D:8      | HP: 2/69 [poisoned by a killer bee]
 10312 | D:8      | Slain by a killer bee

Levels and vault maps discovered:
D:1:      dpeg_arrival_simpleton_a, layout_basic, minmay_cut_off
D:2:      layout_rooms, serial_glass, glass_columns_b, glass_columns_a,
          glass_columns_a, glass_columns_b, glass_columns_a, glass_columns_a,
          okawaru_altar_gauntlet_db
D:3:      layout_loops_ring, minmay_joined_circles
D:4:      layout_loops_cross, first_ration
D:5:      layout_loops_ring, minmay_temple_entry_proselytizer
D:6:      cheibrodos_helix_gallery, layout_cave_pools, solitary_fountain,
          uniq_menkaure, uniq_blork_the_orc
D:7:      layout_loops_ring, dancing_weapons_uskayaw
D:8:      layout_layer_cave, erik_lair_orcish_takeover, basic_altar,
          minmay_mini_ossuary, uniq_joseph, uniq_prince_ribbit1
Temple:   nicolae_temple_the_god_donut

Skill      XL: |  1  2  3  4  5  6  7  8  9 10 |
---------------+-------------------------------+-----
Slings         | 6 7 8 9 10 12 13 | 13.4
Fighting       | 2 3 5 6 |  6.5
Armour         | 1 2 4 5 |  5.9
Dodging        | 3 4 |  4.3
Stealth        | 2 |  2.1
Throwing       | 1 |  1.9
Short Blades   | 1 |  1.5
Polearms       | |  0.1

Action                   |  1- 3 |  4- 6 |  7- 9 | 10-12 || total
-------------------------+-------+-------+-------+-------++-------
Melee: Hunting sling     |     7 |       |       |       ||     7
       Short sword       |     5 |       |       |       ||     5
       Spear             |       |    13 |       |       ||    13
       Dagger            |       |       |    14 |    37 ||    51
 Fire: Hunting sling     |    83 |   224 |   308 |       ||   615
Throw: Stone             |    19 |    14 |    41 |    14 ||    88
  Use: Potion            |     5 |     6 |     1 |       ||    12
       Scroll            |     1 |     6 |     3 |     1 ||    11
  Eat: Ration            |     2 |     2 |     4 |       ||     8
Armor: Leather armour    |    18 |     6 |       |       ||    24
       Skin              |     1 |       |       |       ||     1
       Scale mail        |       |    56 |    46 |    51 ||   153
Dodge: Dodged            |    58 |   111 |   119 |   103 ||   391

Table legend:
 A = Non-vault XP
 B = Vault XP
 C = Vault XP percentage of total XP
 D = Non-vault monster count
 E = Vault monster count
 F = Vault count percentage of total count
                 A         B        C        D         E       F
            +---------+---------+-------+---------+---------+-------
      Total |    3903 |     490 |  11.2 |     146 |      26 |  15.1
            +---------+---------+-------+---------+---------+-------
        D:1 |      44 |       3 |   6.4 |      23 |       2 |   8.0
        D:2 |      24 |      15 |  38.5 |       7 |       6 |  46.2
        D:3 |      61 |      50 |  45.0 |      26 |      14 |  35.0
        D:4 |     256 |       0 |   0.0 |      17 |       0 |   0.0
        D:5 |     301 |      41 |  12.0 |      13 |       1 |   7.1
        D:6 |     771 |     381 |  33.1 |      19 |       3 |  13.6
        D:7 |    2035 |       0 |   0.0 |      31 |       0 |   0.0
        D:8 |     411 |       0 |   0.0 |      10 |       0 |   0.0
            +---------+---------+-------+---------+---------+-------
